AoeStats
← darador86

Nomad

506733481Analyzed
4v4 RM · 19d ago on Sep 14, 2026· 29m 2s· 8 players
Game mode
Random Map
Map size
231×231
Population
200
Speed
Normal
Resources
Standard
Victory
Conquest
Starting age
Dark Age
Ending age
Imperial Age
RankedLock teamsTeams togetherTeam positionsShared explorationLock speedFull tech treeHidden civsTurbo modeCheats
Victory
Defeat
🇺🇸 Wei · United States
810
+14
🇬🇧 Spanish · United Kingdom
797
+14
🇺🇸 Romans · United States
658
+19
🇺🇸 Hindustanis · United States
658
+20
🇫🇷 Hindustanis · France
805
-19
🇨🇴 Persians · Colombia
776
-18
🇦🇷 Chinese · Argentina
734
-16
🇳🇱 Cumans · Netherlands
678
-14
gamezduarte
7:38 Loom
17:18 Feudal Age
Point and Click
5:01 Loom
13:57 Feudal Age
14:29 Horse Collar
14:47 Double-Bit Axe
22:43 Castle Age
24:36 Gold Mining
26:16 Town Watch
27:38 Town Patrol
darador86
15:05 Loom
19:31 Feudal Age
21:01 Double-Bit Axe
21:02 Fishing Lines
23:25 Wheelbarrow
22:35 Town Watch
26:59 Gold Mining
27:00 Stone Mining
NazgulKing55
SkilzDatKilz845
4:39 Loom
5:43 Loom
25:57 Feudal Age
28:12 Man-at-Arms
Jaereg
5:41 Loom
19:01 Feudal Age
19:27 Double-Bit Axe
20:21 Wheelbarrow
29:07 Castle Age
Surfer's Gambit
3:34 Loom
15:46 Feudal Age
16:25 Double-Bit Axe
18:07 Wheelbarrow
17:17 Fishing Lines
17:33 Town Watch
18:33 Gold Mining
18:36 Stone Mining
24:07 Forging
24:03 Scale Barding Armor
26:17 Castle Age
25:28 Bloodlines
26:59 Gillnets
27:22 Bow Saw
27:49 Gold Shaft Mining
27:53 Stone Shaft Mining
27:01 Horse Collar
Louis Theroux
8:10 Loom
15:54 Feudal Age
17:19 Double-Bit Axe
19:56 Castle Age
17:56 Horse Collar
18:00 Fishing Lines
19:48 Stone Mining
19:51 Gold Mining
21:19 Bow Saw
25:26 Stone Shaft Mining
24:55 Heavy Plow
Connection lost

Rejoining the realm…

Still unreachable

The connection could not be restored.

Session expired

The server has moved on; the page needs a fresh start.